cohdb
Replays
Latest Replays
All Replays
Popular Replays
Top Player Replays
Match Explorer
How It Works
Community
CoH3 Stats
Reddit
Sign in to upload your games and track your stats! →
Sign in with Steam
Match 42666203
Unlisted
Match 42666203
Overview
Messages
Build Orders
End
Kradschützen Motorcycle Team
Selects Battlefield Espionage Battlegroup
Panzergrenadier Squad
Panzergrenadier Squad
Construct Light Support Kompanie
Selects Intel Disruption Beacon
2.5-tonne Medical Truck
MG34 Team
Panzerjäger Mechanized Group
Panzerpioneer Squad
Panzerjäger Squad
Fire Support Elements
Construct Panzerarmee Kommand
Selects 250/3 Funkpanzerwagen
Selects Advanced Ambush Training
Panzerjäger Squad
Panzer III L Medium Tank
Veteran Squad Leaders
Emergency Repair Kits
Armored Reserves
Vehicle Survival Package
Selects Transfer Depots
Selects Firestorm
C_U_M_Unity HUSTLER
NY KAK ZHE TAK
Etgo
Jarkke
0
0
Comments
sign in to comment!
No comments posted yet!